 Dungeon Crawl Stone Soup version 0.28.0 (webtiles) character file.

Game seed: 14790664758643121466

223 sanka the Thaumaturge (level 5, -1/28 HPs)
             Began as a Deep Elf Transmuter on Feb 8, 2022.
             Slain by Crazy Yiuf (2 damage)
             ... on level 2 of the Dungeon.
             The game lasted 00:03:26 (3021 turns).

sanka the Thaumaturge (Deep Elf Transmuter)         Turns: 3021, Time: 00:03:26

Health: -1/28      AC:  2    Str:  7    XL:     5   Next: 66%
Magic:  9/17       EV: 20    Int: 20    God:
Gold:   85         SH:  0    Dex: 20    Spells: 16/20 levels left

rFire   . . .      SeeInvis .     - Unarmed
rCold   . . .      Faith    .   (shield currently unavailable)
rNeg    . . .      Spirit   .   (armour currently unavailable)
rPois   x          Reflect  .   (helmet currently unavailable)
rElec   .          Harm     .   (cloak currently unavailable)
rCorr   .          Rampage  .   (gloves currently unavailable)
Will    .....                   (boots currently unavailable)
Stlth   ++........              (no amulet)
HPRegen 0.09/turn               (no ring)
MPRegen 0.15/turn               (no ring)

@: spider-form
A: venomous fangs, tiny
a: End Transformation


You were on level 2 of the Dungeon.
You were a venomous arachnid creature.
You visited 1 branch of the dungeon, and saw 2 of its levels.

You collected 85 gold pieces.

Inventory:

Armour
 a - a +0 robe (melded)
 e - a +0 helmet (melded)
Scrolls
 c - a scroll of teleportation {unknown}
 f - a scroll of enchant armour {unknown}
Potions
 b - a potion of resistance {unknown}
 d - a potion of magic {unknown}
 g - a potion of ambrosia {unknown}


   Skills:
 - Level 0.7 Fighting
 - Level 2.4 Dodging
 - Level 2.4 Unarmed Combat
 + Level 8.1 Spellcasting
 - Level 2.1 Transmutations


You had 16 spell levels left.
You knew the following spells:

 Your Spells              Type           Power      Damage    Failure   Level
a - Beastly Appendage     Tmut           32%        N/A       12%         1
b - Spider Form           Tmut/Pois      12%        N/A       34%         3

Your spell library contained the following spells:

 Spells                   Type           Power      Damage    Failure   Level
 Wereblood                Tmut           16%        N/A       16%         2
 Ice Form                 Ice/Tmut       12%        N/A       69%         4
 Freezing Cloud           Conj/Ice/Air   4%         6-21      98%         5
 Simulacrum               Ice/Necr       4%         N/A       100%        6
 Polar Vortex             Ice            4%         N/A       100%        9


Dungeon Overview and Level Annotations

Branches:
Dungeon (2/15)

Altars:
Qazlal

Annotations:
D:2 Crazy Yiuf


Message History

You kill the bat!
No target in view!
No target in view!
Your transformation is almost over.
Your horns disappear.
Your talons disappear.
Your +0 helmet unmelds from your body.
HP restored.
Found a stone staircase leading down.
There is a stone staircase leading down here.
Found a stone staircase leading up.
There is a stone staircase leading up here.
Found a stormy altar of Qazlal.
There is a stormy altar of Qazlal here.
You see here a +0 mace.
You see here a +0 mace.
You see here a +0 mace.
You see here a +0 mace.
You see here a +0 mace.
You see here a +0 mace.
Search for what [Enter for "wand", or ? for help]? altar Could not explore, unopened runed door.
Casting: Beastly Appendage (safe; 3% risk of failure)
Confirm with . or Enter, or press ? or * to list all spells.
The spell is quite dangerous to miscast (16% risk of failure)!
Continue anyway?
You turn into a venomous arachnid creature.
Your +0 helmet melds into your body.
Your +0 robe melds into your body.
Crazy Yiuf shouts!
You open the door. You barely miss Crazy Yiuf.
Crazy Yiuf hits you with a +2 quarterstaff of chaos!
You barely miss Crazy Yiuf.
Crazy Yiuf hits you with a +2 quarterstaff of chaos!
Ouch! That really hurt!
* * * LOW HITPOINT WARNING * * *
You feel your power leaking away.
You hit Crazy Yiuf but do no damage.
Crazy Yiuf is poisoned.
Crazy Yiuf hits you with a +2 quarterstaff of chaos.
* * * LOW HITPOINT WARNING * * *
Crazy Yiuf burns you.
You die...

......# ......# ..[#### ...#
...# .###### ......# ###
###### #####.#### #)))###
##.#..## .........#
#.))gs####......# .........#
#)))##))#)......# #####...)#
### ###)#).#...# ...##....#
#######.## ##.##....# #.#
##.##....################.#
##.#######..............)รท#
##.# #.################ ##.#
#.#


You could see Crazy Yiuf (very poisoned).

Vanquished Creatures
  Sigmund (D:2)
  Natasha (D:2)
  2 adders (D:2)
  5 bats
  2 endoplasms
  3 giant cockroaches
  3 goblins
  2 hobgoblins (D:1)
  A quokka (D:1)
  4 ball pythons
  5 kobolds
  5 rats
34 creatures vanquished.

Notes
Turn   | Place    | Note
-------+----------+-------------------------------------------
     0 | D:1      | sanka the Deep Elf Transmuter began the quest for the Orb.
     0 | D:1      | Reached XP level 1. HP: 11/11 MP: 6/6
   500 | D:1      | Reached skill level 4 in Spellcasting
   500 | D:1      | Reached XP level 2. HP: 11/16 MP: 7/9
  1534 | D:2      | Reached XP level 3. HP: 12/20 MP: 11/11
  1661 | D:2      | Learned a level 3 spell: Spider Form
  1698 | D:2      | Noticed Sigmund
  1870 | D:2      | Killed Sigmund
  1871 | D:2      | Reached skill level 7 in Spellcasting
  1871 | D:2      | Reached XP level 4. HP: 17/24 MP: 9/15
  1871 | D:2      | Reached XP level 5. HP: 20/28 MP: 10/17
  2190 | D:2      | Noticed Natasha
  2210 | D:2      | Killed Natasha
  2288 | D:2      | Reached skill level 8 in Spellcasting
  2325 | D:2      | Noticed Natasha
  2665 | D:2      | Found a runed translucent door.
  2666 | D:2      | Noticed Crazy Yiuf
  2910 | D:2      | Found a stormy altar of Qazlal.
  3021 | D:2      | HP: 1/28 [Crazy Yiuf (4)]
  3021 | D:2      | Slain by Crazy Yiuf

Illustrated notes

Levels and vault maps discovered:
D:1:      mrwooster_arrival_statue_2, layout_loops_cross
D:2:      layout_basic, basic_altar, roderic_lattice_a, uniq_natasha,
          uniq_sigmund, uniq_crazy_yiuf_cottage

Skill      XL: |  1  2  3  4  5 |
---------------+----------------+-----
Spellcasting   | 4 7 8 |  8.1
Fighting       | |  0.7
Dodging        | |  2.4
Unarmed Combat | |  2.4
Transmutations | |  2.1

Action                   |  1- 3 |  4- 6 || total
-------------------------+-------+-------++-------
Melee: Unarmed           |    77 |    46 ||   123
       Kick              |     7 |     9 ||    16
       Headbutt          |     7 |     3 ||    10
       Punch             |       |     1 ||     1
 Cast: Beastly Appendage |    17 |    10 ||    27
       Spider Form       |     1 |     3 ||     4
 Stab: Sleeping          |     1 |     1 ||     2
       Confused          |       |     1 ||     1
Armor: Robe              |    10 |     6 ||    16
Dodge: Dodged            |    42 |    32 ||    74
